 Dungeon Crawl Stone Soup version 0.30-a0-134-gb40fab5c76 (webtiles) character file.

Game seed: 7886021954216934159

25 testman the Grave Robber (level 2, -1/19 HPs)
             Began as a Mummy Necromancer on Sept 19, 2022.
             Slain by a goblin
             ... wielding a +0 club
             ... led by Robin
              (6 damage)
             ... on level 1 of the Dungeon.
             The game lasted 00:03:37 (1519 turns).

testman the Grave Robber (Mummy Necromancer)        Turns: 1519, Time: 00:03:37

Health: -1/19      AC:  2    Str: 11    XL:     2   Next: 82%
Magic:  4/6        EV: 12    Int: 14    God:
Gold:   65         SH:  0    Dex: 12    Spells: 7/8 levels left

rFire   x . .      SeeInvis .    d - +0 dagger
rCold   + . .      Faith    +    (no shield)
rNeg    + + +      Spirit   .    a - +0 robe
rPois   ∞          Reflect  .    (no helmet)
rElec   .          Harm     .    (no cloak)
rCorr   .          Rampage  .    (no gloves)
Will    .....                    (no boots)
Stlth   ++........               (no amulet)
HPRegen 0.06/turn                (no ring)
MPRegen 0.10/turn                (no ring)

@: very slightly contaminated
A: cold resistance 1, negative energy resistance 3, torment resistance 2, heat
vulnerability 1, no potions, faith
a: no special abilities


You were on level 1 of the Dungeon.
You visited 1 branch of the dungeon, and saw 2 of its levels.

You collected 65 gold pieces.

Inventory:

Hand Weapons
 b - a +0 mace
 d - a +0 dagger (weapon)
Armour
 a - a +0 robe (worn)
Jewellery
 f - a +6 ring of dexterity
Scrolls
 c - 2 scrolls of enchant weapon {unknown}
 e - a scroll of fear {unknown}
 g - a scroll of enchant armour {unknown}
 h - a scroll of identify {unknown}


   Skills:
 - Level 1.5 Dodging
 - Level 1.5 Stealth
 + Level 3.6 Spellcasting
 + Level 4.4 Necromancy


You had 7 spell levels left.
You knew the following spells:

 Your Spells              Type           Power      Damage    Failure   Level
a - Necrotise             Necr           60%        1d7       3%          1

Your spell library contained the following spells:

 Spells                   Type           Power      Damage    Failure   Level
 Vampiric Draining        Necr           15%        2d7       10%         3
 Animate Dead             Necr           15%        N/A       32%         4
 Ignite Poison            Fire/Tmut/Pois 2%         N/A       52%         3
 Mephitic Cloud           Conj/Pois/Air  2%         N/A       52%         3
 Agony                    Necr           15%        N/A       65%         5
 Freezing Cloud           Conj/Ice/Air   1%         6-21      99%         5


Dungeon Overview and Level Annotations

Branches:
Dungeon (2/15)

Altars:

Annotations:
D:2 Robin


Innate Abilities, Weirdness & Mutations

You are immune to poison.
Your flesh is cold resistant. (rC+)
You are immune to negative energy. (rN+++)
You are immune to unholy pain and torment.
You are vulnerable to heat. (rF-)
You do not drink.
You have a special connection with the divine. (Faith)


Message History

a +0 club; a +0 dagger You swap places.
You swap places.
There is a stone staircase leading down here.
Things that are here:
a +0 club; a +0 dagger You start resting.
Your goblin skeleton crumbles into dust! x2
Magic restored.
You start resting.
HP restored.
You climb downwards.
Level annotation: Robin Robin roars a battlecry!
The goblins go into a battle-frenzy!
The goblin hits you with a +0 dagger. The goblin hits you but does no damage.
There is a stone staircase leading up here.
Robin says, "My goblins will feast on your bones."
Robin hits you from afar with a +0 spear.
The goblin misses you. The goblin closely misses you. x2
The goblin misses you.
You climb upwards.
There is a stone staircase leading down here.
Things that are here:
a +0 club; a +0 dagger
Aiming: Necrotise (safe; 3% risk of failure)
Press: ? - help, Q - select action Shift-Dir - straight line, f - goblin
Aim: a goblin, wielding a +0 dagger (strong, chance to affect: 85%)
You miscast Necrotise.
You are very lightly contaminated with residual magic.
Nothing appears to happen.
The goblin completely misses you. The goblin hits you with a +0 dagger.
The goblin misses you. The goblin hits you with a +0 club.
* * * LOW HITPOINT WARNING * * *
Aiming: Necrotise (safe; 3% risk of failure)
Press: ? - help, Q - select action Shift-Dir - straight line, f/p - goblin
Aim: a goblin, wielding a +0 dagger (strong, chance to affect: 85%)
The goblin barely resists.
The goblin hits you with a +0 club.
You die...

.##..#~##~~~##.###.#
...~~.~#.8#....# #.#
#...~##~~~#~...# #.#
##.##.~..##.#.## #.#
#~#~~~~.#.~#.# #.#
#~'.~~~.#~~..####.#############
#.'..~._~.~#....#..†..........#
#.'~.~~~~..####g#############.#
#.#..~..#~~####@## #.#
#~##~~..##~...ggg####### #.#
#~.####~.~~##..g.......### #.#
#...~.#~8#...............# #.#
##.##.##~#........#.##.#.# #.#
#.##.~~..~.......#.##.#.# #.#
#....#......!....#.##.#.# #.#
####.#.##.....))##.##.#)# #.##
######.#.##........#.##.#.#
#...


You could see 5 goblins.

Vanquished Creatures
  2 dart slugs (D:1)
  A bat (D:1)
  An endoplasm (D:1)
  A giant cockroach (D:1)
  6 goblins (D:1)
  2 hobgoblins (D:1)
  A frilled lizard (D:1)
  A kobold (D:1)
  A rat (D:1)
  A spectral goblin (D:1)
17 creatures vanquished.

Vanquished Creatures (collateral kills)
  A goblin (D:1)
1 creature vanquished.

Grand Total: 18 creatures vanquished

Notes
Turn   | Place    | Note
-------+----------+-------------------------------------------
     0 | D:1      | testman the Mummy Necromancer began the quest for the Orb.
     0 | D:1      | Reached XP level 1. HP: 13/13 MP: 4/4
   545 | D:1      | Reached XP level 2. HP: 8/19 MP: 6/6
   742 | D:1      | Found a faded altar of an unknown god.
  1318 | D:2      | Noticed Robin
  1519 | D:1      | Slain by a goblin

Illustrated notes

Levels and vault maps discovered:
D:1:      nicolae_arrival_washed_ashore, layout_loops_ring,
          dreamdust_ecumenical_altar_drowned_temple, serial_park_tiny_2
D:2:      minmay_door_path, layout_basic, serial_corexii_hall,
          chequers_hall_statues_wall_a, corexii_hall_statues_x,
          chequers_hall_statues_wall_a, minmay_distorted, uniq_sigmund,
          uniq_robin

Skill      XL: |  1 |
---------------+----+-----
Spellcasting   | 3 |  3.6
Dodging        | |  1.5
Stealth        | |  1.5
Necromancy     | |  4.4

Action                   || total
-------------------------++-------
Melee: Dagger            ||    40
       Mace              ||     4
       Punch             ||     1
 Cast: Necrotise         ||    24
 Stab: Sleeping          ||     1
Armor: Robe              ||     9
Dodge: Dodged            ||    35

Table legend: (Time is in decaauts)
 A = Elapsed time spent in this place.
 B = Non-inter-level travel time spent in this place.
 C = Inter-level travel time spent in this place.
 D = Time resting spent in this place.
 E = Time spent auto-exploring this place.
 F = Levels seen in this place.
 G = Mean time per level.
                   A        B        C        D        E       F      G
               +--------+--------+--------+--------+--------+-----+--------+
         Total |   1526 |   1477 |     49 |    369 |    926 |   2 |  763.0 |
       Dungeon |   1526 |   1477 |     49 |    369 |    926 |   2 |  763.0 |
               +--------+--------+--------+--------+--------+-----+--------+

Top non-repeatable levels by time:
     D:1: 1522 daAuts
     D:2: 4 daAuts
